 Dungeon Sprint DCSS version 0.24-a0-244-ga6a6ab7 (webtiles) character file.

Game seed: 8054604639882668543

10 MikeHunt the Shield-Bearer (level 2, -4/42 HPs)
             Began as a Naga Fighter on Apr 10, 2019.
             Was an Initiate of Gozag.
             Slain by a polar bear (7 damage)
             ... in the Dungeon (Sprint II: "The Violet Keep of Menkaure").
             The game lasted 00:01:02 (257 turns).

MikeHunt the Shield-Bearer (Naga Fighter)            Turns: 257, Time: 00:01:02

Health: -4/42      AC:  4    Str: 23    XL:     2   Next: 20%
Magic:  2/2        EV:  5    Int:  8    God:    Gozag
Gold:   243        SH:  9    Dex: 10    Spells: 1/1 levels left

rFire    . . .     SeeInvis +   a - +0 flail
rCold    . . .     Gourm    .   c - +0 shield
rNeg     . . .     Faith    .   b - +0 scale mail
rPois    +         Spirit   .   (no helmet)
rElec    .         Reflect  .   (no cloak)
rCorr    .         Harm     .   (no gloves)
MR       .....     NoTele   +   (no barding)
Stlth    ..........             (no amulet)
HPRegen  0.14/turn              (no ring)
MPRegen  0.08/turn              (no ring)

@: berserking (expiring), quick
A: large, see invisible, deformed body, poison resistance, slowness 2, slow
metabolism 1, spit poison 1, AC +0
a: Spit Poison, Potion Petition, Call Merchant, Bribe Branch, Renounce Religion


You were in the Dungeon.
You worshipped Gozag.
Gozag was aware of your devotion.
You were not hungry.

You visited 1 branch You collected 243 gold pieces.

Inventory:

Hand Weapons
 a - a +0 flail (weapon)
Armour
 b - a +0 scale mail (worn)
 c - a +0 shield (worn)
Scrolls
 k - a scroll of blinking
Potions
 d - a potion of might
 e - a potion of curing
 g - a potion of heal wounds
 h - a potion of haste
 i - 2 potions of magic
Comestibles
 f - a ration


   Skills:
 - Level 3.0 Fighting
 + Level 3.5 Maces & Flails
 - Level 2.4 Armour
 + Level 3.5 Shields


You had one spell level left.
You didn't know any spells.
Your spell library was empty.

Dungeon Overview and Level Annotations

Branches:
Dungeon (1/1)

Altars:
Cheibriados
Dithmenos
Elyvilon
Fedhas
Gozag
Hepliaklqana
Kikubaaqudgha
Makhleb
Nemelex Xobeh
Okawaru
Qazlal
Ru
Sif Muna
Trog
Uskayaw
Vehumet
Wu Jian
Xom
Yredelemnul
Zin
The Shining One
Beogh
Jiyva
Lugonu


Innate Abilities, Weirdness & Mutations

You cannot wear boots.
Your serpentine skin is tough. (AC +0)
You have supernaturally acute eyesight. (SInv)
Armour fits poorly on your strangely shaped body.
Your system is resistant to poisons. (rPois)
You cover ground very slowly.
You have a slow metabolism.
You can spit poison.


Message History

The polar bear claws you but does no damage.
You sock the polar bear!
The polar bear is severely wounded.
The polar bear bites you but does no damage.
The polar bear claws you but does no damage.
You block the polar bear's attack.
You sock the polar bear!
The polar bear is almost dead.
The polar bear goes berserk!
You hit the polar bear.
The polar bear is almost dead.
The polar bear bites you! The polar bear claws you. x2
* * * LOW HITPOINT WARNING * * *
The yaktaur unwields a +0 arbalest.
The yaktaur hits you!
* * * LOW HITPOINT WARNING * * *
Your shield and scale mail prevent you from hitting the polar bear.
The polar bear is almost dead.
The polar bear bites you!
You die...
Your body crumbles into a pile of gold.

#..#$ #..# c#▓(()!$!((▓
'..####..##.#▓([(?!((? $
#....###...##▓▓▓▓▓▓▓+
#......≈≈≈≈≈≈≈≈≈y≈≈≈. $
$ ≈≈.....≈#'########+###
≈≈≈≈≈..≈#..._._._#§§§##
$
≈≈≈≈≈≈.≈#_._._._.#≈§≈§##
§≈§§§≈§≈#._._._c_#t§§§§#
$$ $$
§≈≈≈≈§≈≈#_._._hh@#t≈§§§
$ $
≈≈≈§≈§≈≈#._._._..#≈≈§§§
$$ $$
≈≈≈###≈≈#_._._...#≈§≈≈§t
$ $ #≈≈#
#≈≈#._._....#§§§≈§§ $$
$$ +≈
#≈≈#.._.....#≈≈≈§▓▓
≈##########§≈≈§▓z
≈≈≈≈≈≈≈≈≈≈≈≈≈▓z
≈########≈▓▓▓▓▓ $$


You could see 2 polar bears, a yaktaur, a hornet and 3 crocodiles.

Vanquished Creatures
  3 worms (D)
3 creatures vanquished.

Notes
Turn   | Place    | Note
-------+----------+-------------------------------------------
     0 | D        | MikeHunt the Naga Fighter began the quest for the Orb.
     0 | D        | Reached XP level 1. HP: 21/21 MP: 1/1
    12 | D        | Reached XP level 2. HP: 12/28 MP: 2/2
   228 | D        | Found a glowing golden altar of the Shining One.
   228 | D        | Found an ornate altar of the Wu Jian Council.
   228 | D        | Found a stormy altar of Qazlal.
   229 | D        | Found a shimmering altar of Xom.
   229 | D        | Found a sacrificial altar of Ru.
   229 | D        | Found a hazy altar of Hepliaklqana.
   234 | D        | Found a basalt altar of Yredelemnul.
   234 | D        | Found a deep blue altar of Sif Muna.
   234 | D        | Found a viscous altar of Jiyva.
   235 | D        | Found a glowing silver altar of Zin.
   235 | D        | Found a bloodstained altar of Trog.
   235 | D        | Found an ancient bone altar of Kikubaaqudgha.
   235 | D        | Found a snail-covered altar of Cheibriados.
   235 | D        | Found a roughly hewn altar of Beogh.
   236 | D        | Found a hide-covered altar of Uskayaw.
   236 | D        | Found a corrupted altar of Lugonu.
   236 | D        | Found a shadowy altar of Dithmenos.
   237 | D        | Found a radiant altar of Vehumet.
   237 | D        | Found a burning altar of Makhleb.
   237 | D        | Found a white marble altar of Elyvilon.
   238 | D        | Found a sparkling altar of Nemelex Xobeh.
   238 | D        | Found a blossoming altar of Fedhas.
   240 | D        | Found an iron altar of Okawaru.
   240 | D        | Found an opulent altar of Gozag.
   240 | D        | Noticed a hornet
   240 | D        | Noticed a polar bear
   240 | D        | Noticed a polar bear
   241 | D        | Noticed a yaktaur
   244 | D        | Noticed a crocodile
   245 | D        | Noticed a crocodile
   249 | D        | Became a worshipper of Gozag Ym Sagoz the Greedy
   251 | D        | Noticed a flying skull
   251 | D        | Noticed a flying skull
   257 | D        | Noticed a crocodile
   257 | D        | Slain by a polar bear

Levels and vault maps discovered:
D:        the_violet_keep_of_menkaure [sprint2_stairs_cluster_1,
          sprint2_shoproom, sprint2_temple, sprint2_basic_supplies,
          sprint2_obstacle_3, sprint2_obstacle_6, sprint2_obstacle_5,
          sprint2_obstacle_4, sprint2_obstacle_7, sprint2_timed_cluster_1,
          sprint2_smallroom_cluster_1, sprint2_smallroom_final_cluster_1,
          sprint2_transparent_cluster_1, sprint2_second_timed_cluster_1,
          sprint2_sniper_area_1, sprint2_heavy_combat_area_1,
          sprint2_mutation_trap_area_1, sprint2_forest_area_1,
          sprint2_light_combat_area_1, sprint2_behind_water_1,
          sprint2_near_end_vault_1]

Skill      XL: |  1 |
---------------+----+-----
Shields        | 3 |  3.5
Maces & Flails | 3 |  3.5
Fighting       | |  3.0
Armour         | |  2.4

Action                   || total
-------------------------++-------
Melee: Flail             ||    16
Invok: Potion Petition   ||     1
  Use: Potion            ||     1
Armor: Scale mail        ||     8
Dodge: Dodged            ||     2
Block: Shield            ||     4

Table legend:
 A = Non-vault XP
 B = Vault XP
 C = Vault XP percentage of total XP
 D = Non-vault monster count
 E = Vault monster count
 F = Vault count percentage of total count
                 A         B        C        D         E       F
            +---------+---------+-------+---------+---------+-------
      Total |       0 |      15 | 100.0 |       0 |       3 | 100.0
            +---------+---------+-------+---------+---------+-------
          D |       0 |      15 | 100.0 |       0 |       3 | 100.0
            +---------+---------+-------+---------+---------+-------
